[ AOE2 MATCH · #461397003 ]
Team RMBohemians vs Koreans
[ REPLAY ANALYSIS · EXTRACTED FROM THE RECORDED GAME ]
Feudal
13:48
Castle
17:30
Imperial
31:32
| APM avg | 27.6 |
| APM peak | 92 |
| eAPM avg | 17.7 |
| Villagers / military | 141 / 287 |
Focus
⚔️ 48.4% · 🌾 51.6%
Spearman ×137 · Hussite Wagon ×134 · Trade Cart ×18 · Bombard Cannon ×15 · Monk ×1
Feudal
10:32
Castle
22:16
Imperial
35:55
| APM avg | 11.1 |
| APM peak | 30 |
| eAPM avg | 8.7 |
| Villagers / military | 115 / 273 |
Focus
⚔️ 34.6% · 🌾 65.4%
Archer ×103 · Skirmisher ×86 · Rattan Archer ×33 · Battle Elephant ×32 · Trade Cart ×10 · Spearman ×8
Feudal
15:28
Castle
29:10
Imperial
48:44
| APM avg | 8.9 |
| APM peak | 43 |
| eAPM avg | 8.3 |
| Villagers / military | 77 / 227 |
Focus
⚔️ 56.7% · 🌾 43.3%
Spearman ×68 · Militia ×55 · Gbeto ×33 · Knight ×19 · Bombard Cannon ×18 · Camel Scout ×10
Feudal
13:28
Castle
27:40
Imperial
39:25
| APM avg | 9.3 |
| APM peak | 23 |
| eAPM avg | 7.3 |
| Villagers / military | 77 / 284 |
Focus
⚔️ 39.7% · 🌾 60.3%
Scorpion ×212 · Spearman ×46 · Militia ×26 · Trade Cart ×3 · Fishing Ship ×3
Feudal
14:19
Castle
27:48
Imperial
47:43
| APM avg | 7.6 |
| APM peak | 18 |
| eAPM avg | 6.4 |
| Villagers / military | 87 / 204 |
Focus
⚔️ 26.8% · 🌾 73.2%
Knight ×200 · Trade Cart ×35 · Trebuchet (Packed) ×3 · Monk ×1
Feudal
11:33
Castle
19:14
Imperial
34:16
| APM avg | 14.8 |
| APM peak | 42 |
| eAPM avg | 11.3 |
| Villagers / military | 112 / 270 |
Focus
⚔️ 47.0% · 🌾 53.0%
Spearman ×80 · Scorpion ×65 · Scout Cavalry ×61 · Battle Elephant ×58 · Trade Cart ×23 · Monk ×3
Feudal
—
Castle
—
Imperial
—
| APM avg | 10.6 |
| APM peak | 46 |
| eAPM avg | 9.8 |
| Villagers / military | 95 / 234 |
Focus
⚔️ 49.3% · 🌾 50.7%
Chu Ko Nu ×119 · Iron Pagoda ×67 · Spearman ×41 · Trade Cart ×10 · Trebuchet (Packed) ×6 · Monk ×1
Feudal
16:14
Castle
31:33
Imperial
44:28
| APM avg | 7.8 |
| APM peak | 25 |
| eAPM avg | 6.7 |
| Villagers / military | 158 / 187 |
Focus
⚔️ 32.9% · 🌾 67.1%
Spearman ×116 · War Wagon ×31 · Bombard Cannon ×9 · Trade Cart ×5 · Scout Cavalry ×5 · Fire Lancer ×5
Match map
Resources at game start + every placement click. Thick line = wall · dashed box = detected house wall. 🟡 gold · ⚪ stone · 🟢 berries · 🔶 boar · ⭕ relic
Inputs per minute
— Patheris - - dewey manning
Build order — Patheris
First 150 of 598 actions detected
| 0:07 | Build | House |
| 0:09 | Create | Villager (Male) |
| 0:09 | Create | Villager (Male) |
| 0:16 | Create | Villager (Male) |
| 0:17 | Create | Villager (Male) |
| 0:25 | Build | House |
| 0:36 | Research | Loom |
| 1:46 | Create | Villager (Male) |
| 1:46 | Create | Villager (Male) |
| 1:51 | Build | Lumber Camp |
| 2:28 | Create | Villager (Male) |
| 2:53 | Create | Villager (Male) |
| 2:53 | Create | Villager (Male) |
| 3:22 | Create | Villager (Male) |
| 3:52 | Create | Villager (Male) |
| 3:52 | Create | Villager (Male) |
| 4:15 | Create | Villager (Male) |
| 4:15 | Create | Villager (Male) |
| 4:57 | Create | Villager (Male) |
| 4:57 | Create | Villager (Male) |
| 5:20 | Create | Villager (Male) |
| 5:25 | Build | House |
| 5:54 | Build | House |
| 6:21 | Build | Mill |
| 7:03 | Create | Villager (Male) |
| 7:03 | Create | Villager (Male) |
| 7:04 | Create | Villager (Male) |
| 7:04 | Create | Villager (Male) |
| 7:13 | Create | Villager (Male) |
| 7:14 | Create | Villager (Male) |
| 7:34 | Build | House |
| 8:02 | Build | Lumber Camp |
| 8:57 | Build | Farm |
| 9:00 | Build | Farm |
| 9:03 | Build | Farm |
| 9:06 | Build | Farm |
| 9:14 | Build | Farm |
| 9:19 | Create | Villager (Male) |
| 9:19 | Create | Villager (Male) |
| 9:19 | Create | Villager (Male) |
| 9:19 | Create | Villager (Male) |
| 9:41 | Create | Villager (Male) |
| 9:41 | Create | Villager (Male) |
| 9:46 | Build | Farm |
| 10:27 | Build | Mining Camp |
| 10:42 | Create | Villager (Male) |
| 11:23 | Build | Farm |
| 11:30 | Build | Farm |
| 11:35 | Build | Farm |
| 11:38 | Research | Feudal Age |
| 11:48 | Build | Farm |
| 11:52 | Create | Villager (Male) |
| 11:52 | Create | Villager (Male) |
| 13:48 | Age | Feudal Age |
| 13:51 | Build | Blacksmith |
| 14:02 | Build | Market |
| 14:17 | Build | Farm |
| 14:24 | Build | Farm |
| 14:50 | Research | Castle Age |
| 14:58 | Build | House |
| 15:02 | Build | House |
| 15:03 | Build | House |
| 15:13 | Build | House |
| 15:14 | Build | House |
| 15:22 | Create | Villager (Male) |
| 15:23 | Create | Villager (Male) |
| 15:36 | Research | Double-Bit Axe |
| 16:01 | Research | Horse Collar |
| 16:33 | Build | House |
| 16:34 | Build | House |
| 16:37 | Build | House |
| 16:39 | Build | House |
| 16:40 | Build | House |
| 16:41 | Build | House |
| 17:30 | Age | Castle Age |
| 17:48 | Build | Town Center |
| 18:21 | Build | Town Center |
| 18:39 | Build | Farm |
| 18:48 | Create | Villager (Male) |
| 18:49 | Create | Villager (Male) |
| 18:50 | Research | Wheelbarrow |
| 18:52 | Create | Villager (Male) |
| 18:53 | Create | Villager (Male) |
| 18:53 | Create | Villager (Male) |
| 19:22 | Build | Farm |
| 19:27 | Create | Villager (Male) |
| 19:27 | Create | Villager (Male) |
| 19:28 | Create | Villager (Male) |
| 19:35 | Create | Villager (Male) |
| 19:36 | Create | Villager (Male) |
| 19:50 | Build | Farm |
| 20:05 | Build | Farm |
| 20:19 | Create | Villager (Male) |
| 20:19 | Create | Villager (Male) |
| 20:20 | Create | Villager (Male) |
| 20:20 | Create | Villager (Male) |
| 20:20 | Create | Villager (Male) |
| 20:25 | Build | Farm |
| 20:30 | Create | Villager (Male) |
| 20:31 | Create | Villager (Male) |
| 20:33 | Create | Villager (Male) |
| 20:33 | Create | Villager (Male) |
| 21:09 | Create | Villager (Male) |
| 21:10 | Create | Villager (Male) |
| 21:12 | Create | Villager (Male) |
| 21:12 | Create | Villager (Male) |
| 21:16 | Create | Villager (Male) |
| 21:16 | Create | Villager (Male) |
| 21:28 | Build | Mining Camp |
| 21:55 | Build | University |
| 22:01 | Build | Monastery |
| 22:07 | Create | Villager (Male) |
| 22:10 | Create | Villager (Male) |
| 22:10 | Create | Villager (Male) |
| 22:19 | Create | Villager (Male) |
| 22:24 | Build | Farm |
| 22:29 | Build | Farm |
| 22:37 | Build | Farm |
| 22:40 | Build | Farm |
| 22:47 | Create | Villager (Male) |
| 22:47 | Create | Villager (Male) |
| 22:50 | Create | Villager (Male) |
| 22:50 | Create | Villager (Male) |
| 22:55 | Create | Villager (Male) |
| 22:55 | Create | Villager (Male) |
| 23:14 | Build | Farm |
| 23:18 | Build | Farm |
| 23:28 | Create | Villager (Male) |
| 23:28 | Create | Villager (Male) |
| 23:38 | Build | Farm |
| 23:42 | Build | Farm |
| 23:46 | Build | Farm |
| 23:49 | Build | Farm |
| 23:52 | Build | Farm |
| 24:00 | Build | Farm |
| 24:06 | Create | Villager (Male) |
| 24:06 | Create | Villager (Male) |
| 24:06 | Create | Villager (Male) |
| 24:07 | Create | Villager (Male) |
| 24:13 | Create | Villager (Male) |
| 24:13 | Create | Villager (Male) |
| 24:16 | Create | Villager (Male) |
| 24:17 | Create | Villager (Male) |
| 24:17 | Create | Villager (Male) |
| 24:25 | Build | Farm |
| 24:31 | Build | Farm |
| 24:36 | Build | Farm |
| 24:41 | Build | Farm |
| 24:50 | Build | Farm |
| 24:53 | Create | Villager (Male) |
Build order — dewey manning
First 150 of 276 actions detected
| 0:01 | Create | Villager (Male) ×4 |
| 0:03 | Build | House |
| 0:04 | Build | House |
| 1:29 | Create | Villager (Male) |
| 1:52 | Build | Lumber Camp |
| 2:35 | Create | Villager (Male) |
| 2:35 | Create | Villager (Male) |
| 3:47 | Create | Villager (Male) |
| 3:47 | Create | Villager (Male) |
| 3:47 | Create | Villager (Male) |
| 4:21 | Build | House |
| 4:25 | Build | Mill |
| 4:28 | Create | Villager (Male) |
| 4:48 | Build | Palisade Wall |
| 4:57 | Create | Villager (Male) |
| 5:09 | Create | Villager (Male) |
| 5:59 | Create | Villager (Male) |
| 5:59 | Create | Villager (Male) |
| 6:18 | Build | Palisade Wall |
| 6:40 | Create | Villager (Male) |
| 6:41 | Create | Villager (Male) |
| 6:43 | Research | Loom |
| 8:07 | Build | Mining Camp |
| 8:22 | Research | Feudal Age |
| 8:41 | Build | Lumber Camp |
| 9:22 | Create | Villager (Male) ×2 |
| 9:29 | Build | House |
| 9:40 | Build | Barracks |
| 10:23 | Build | Mill |
| 10:32 | Age | Feudal Age |
| 10:47 | Create | Villager (Male) |
| 10:47 | Create | Villager (Male) |
| 10:49 | Research | Wheelbarrow |
| 11:04 | Build | House |
| 11:26 | Research | Double-Bit Axe |
| 12:12 | Build | Farm |
| 12:15 | Build | Farm |
| 12:21 | Build | Farm |
| 12:24 | Create | Villager (Male) |
| 12:24 | Create | Villager (Male) |
| 12:43 | Build | Archery Range |
| 12:51 | Create | Villager (Male) |
| 12:52 | Create | Villager (Male) |
| 13:34 | Research | Town Watch |
| 13:48 | Create | Villager (Male) |
| 13:48 | Create | Villager (Male) |
| 13:49 | Create | Villager (Male) |
| 13:51 | Create | Archer ×5 |
| 14:04 | Build | Blacksmith |
| 14:13 | Build | House |
| 14:15 | Build | House |
| 14:16 | Build | House |
| 14:23 | Create | Villager (Male) |
| 14:23 | Create | Villager (Male) |
| 15:25 | Research | Fletching |
| 15:26 | Research | Padded Archer Armor |
| 15:32 | Create | Archer ×2 |
| 15:36 | Create | Spearman ×3 |
| 16:24 | Build | Farm |
| 16:33 | Build | Farm |
| 16:44 | Build | Farm |
| 16:49 | Build | Farm |
| 16:55 | Create | Villager (Male) ×5 |
| 17:08 | Build | Archery Range |
| 17:19 | Build | Market |
| 17:29 | Build | Farm |
| 17:29 | Build | Farm |
| 17:30 | Build | Farm |
| 17:31 | Build | Farm |
| 17:50 | Build | Mining Camp |
| 17:56 | Build | Farm |
| 18:15 | Build | House |
| 18:17 | Build | House |
| 18:18 | Build | House |
| 18:19 | Build | House |
| 18:36 | Create | Villager (Male) |
| 18:36 | Create | Villager (Male) |
| 18:36 | Create | Villager (Male) |
| 18:37 | Create | Villager (Male) |
| 19:11 | Create | Villager (Male) |
| 19:36 | Research | Castle Age |
| 19:46 | Create | Archer ×3 |
| 20:06 | Research | Horse Collar |
| 21:21 | Build | Farm |
| 22:16 | Age | Castle Age |
| 22:21 | Research | Crossbowman (upgrade) |
| 22:23 | Research | Bodkin Arrow |
| 22:28 | Research | Bow Saw |
| 22:36 | Build | Monastery |
| 22:54 | Build | Town Center |
| 23:04 | Research | Leather Archer Armor |
| 23:17 | Build | University |
| 23:22 | Create | Villager (Male) ×3 |
| 23:30 | Create | Monk |
| 23:38 | Research | Gold Mining |
| 23:45 | Create | Archer ×2 |
| 24:08 | Build | Castle |
| 24:45 | Create | Villager (Male) ×5 |
| 25:42 | Create | Trade Cart ×5 |
| 26:16 | Research | Hand Cart |
| 26:17 | Create | Villager (Male) ×5 |
| 26:20 | Create | Archer ×5 |
| 26:20 | Create | Archer |
| 26:52 | Create | Villager (Male) ×2 |
| 26:58 | Research | Elite Skirmisher (upgrade) |
| 27:42 | Research | Pikeman (upgrade) |
| 27:42 | Research | Squires |
| 27:44 | Create | Spearman |
| 28:01 | Create | Villager (Male) |
| 28:01 | Create | Villager (Male) |
| 28:19 | Build | Siege Workshop |
| 28:28 | Build | Town Center |
| 29:10 | Research | Thumb Ring |
| 29:15 | Create | Archer ×5 |
| 29:17 | Create | Archer ×5 |
| 29:29 | Create | Spearman ×4 |
| 29:44 | Build | Archery Range |
| 30:19 | Create | Mangonel |
| 30:19 | Create | Mangonel |
| 30:44 | Build | House |
| 30:45 | Build | House |
| 30:46 | Build | House |
| 30:47 | Build | House |
| 30:48 | Build | House |
| 30:50 | Build | House |
| 30:51 | Build | House |
| 30:52 | Build | House |
| 30:54 | Build | House |
| 31:04 | Build | Farm |
| 31:14 | Create | Villager (Male) ×5 |
| 32:45 | Research | Imperial Age |
| 33:07 | Build | Castle |
| 33:32 | Create | Villager (Male) ×2 |
| 33:52 | Research | Ballistics |
| 34:57 | Research | Town Patrol |
| 34:58 | Create | Villager (Male) ×5 |
| 35:04 | Research | Heavy Plow |
| 35:08 | Research | Stone Mining |
| 35:15 | Build | Farm |
| 35:18 | Build | Farm |
| 35:22 | Create | Villager (Male) |
| 35:23 | Create | Villager (Male) |
| 35:23 | Create | Villager (Male) |
| 35:23 | Create | Villager (Male) |
| 35:32 | Create | Rattan Archer ×5 |
| 35:32 | Create | Rattan Archer ×5 |
| 35:32 | Create | Rattan Archer ×5 |
| 35:32 | Create | Rattan Archer ×5 |
| 35:33 | Create | Rattan Archer ×3 |
| 35:55 | Age | Imperial Age |
Build order — drojaspicon
First 150 of 465 actions detected
| 0:13 | Build | House |
| 0:18 | Build | House |
| 1:24 | Build | Mill |
| 2:04 | Create | Villager (Male) |
| 2:04 | Create | Villager (Male) |
| 2:04 | Create | Villager (Male) |
| 2:04 | Create | Villager (Male) |
| 2:05 | Create | Villager (Male) |
| 2:05 | Create | Villager (Male) |
| 2:05 | Create | Villager (Male) |
| 2:38 | Research | Loom |
| 3:26 | Create | Villager (Male) |
| 3:26 | Create | Villager (Male) |
| 4:05 | Create | Villager (Male) |
| 4:34 | Create | Villager (Male) |
| 4:34 | Create | Villager (Male) |
| 4:51 | Create | Villager (Male) |
| 5:21 | Create | Villager (Male) |
| 6:01 | Build | Lumber Camp |
| 6:12 | Create | Villager (Male) |
| 6:13 | Create | Villager (Male) |
| 6:20 | Build | House |
| 6:24 | Build | House |
| 6:29 | Build | House |
| 7:18 | Create | Villager (Male) |
| 7:20 | Create | Villager (Male) |
| 7:32 | Create | Villager (Male) |
| 8:21 | Build | Mining Camp |
| 8:32 | Create | Villager (Male) |
| 9:27 | Create | Villager (Male) |
| 9:28 | Create | Villager (Male) |
| 9:29 | Create | Villager (Male) |
| 9:29 | Create | Villager (Male) |
| 10:04 | Build | Barracks |
| 10:50 | Build | Mining Camp |
| 12:37 | Build | Barracks |
| 13:18 | Research | Feudal Age |
| 13:32 | Create | Militia |
| 13:33 | Create | Militia |
| 14:32 | Build | Farm |
| 14:37 | Build | Farm |
| 14:41 | Build | Farm |
| 14:46 | Build | Farm |
| 14:52 | Build | Farm |
| 14:56 | Build | Farm |
| 15:14 | Build | House |
| 15:17 | Build | House |
| 15:20 | Build | House |
| 15:28 | Age | Feudal Age |
| 15:29 | Create | Villager (Male) |
| 15:30 | Create | Villager (Male) |
| 15:31 | Research | Town Watch |
| 15:50 | Research | Wheelbarrow |
| 16:31 | Research | Horse Collar |
| 17:05 | Research | Double-Bit Axe |
| 17:16 | Build | Blacksmith |
| 17:56 | Research | Man-at-Arms (upgrade) |
| 17:58 | Create | Spearman |
| 17:59 | Create | Spearman |
| 18:13 | Build | Watch Tower |
| 18:28 | Create | Spearman |
| 18:51 | Create | Villager (Male) |
| 18:51 | Create | Villager (Male) |
| 18:51 | Create | Villager (Male) |
| 18:52 | Create | Villager (Male) |
| 19:22 | Build | Farm |
| 19:27 | Create | Villager (Male) |
| 19:27 | Create | Villager (Male) |
| 19:28 | Create | Villager (Male) |
| 20:00 | Build | Farm |
| 20:04 | Create | Villager (Male) |
| 20:05 | Create | Villager (Male) |
| 20:16 | Build | Farm |
| 20:41 | Build | Farm |
| 20:44 | Create | Villager (Male) |
| 20:45 | Create | Villager (Male) |
| 20:45 | Create | Villager (Male) |
| 21:15 | Build | Watch Tower |
| 21:48 | Build | Farm |
| 21:54 | Build | Farm |
| 22:00 | Build | Farm |
| 22:04 | Create | Villager (Male) |
| 22:04 | Create | Villager (Male) |
| 22:04 | Create | Villager (Male) |
| 22:12 | Research | Gold Mining |
| 22:13 | Research | Stone Mining |
| 22:39 | Build | Watch Tower |
| 23:15 | Create | Villager (Male) |
| 23:15 | Create | Villager (Male) |
| 23:16 | Create | Villager (Male) |
| 23:17 | Create | Villager (Male) |
| 23:27 | Create | Villager (Male) |
| 24:00 | Build | House |
| 24:03 | Build | House |
| 24:05 | Build | House |
| 24:08 | Build | House |
| 24:11 | Build | House |
| 24:28 | Build | Stable |
| 24:33 | Build | Stable |
| 24:59 | Create | Villager (Male) |
| 25:27 | Build | Market |
| 25:41 | Create | Villager (Male) |
| 26:30 | Research | Castle Age |
| 27:09 | Build | House |
| 27:15 | Build | House |
| 27:24 | Build | Mining Camp |
| 27:29 | Create | Villager (Male) |
| 27:29 | Create | Villager (Male) |
| 29:07 | Build | Farm |
| 29:10 | Age | Castle Age |
| 29:25 | Build | Castle |
| 29:54 | Build | Castle |
| 30:10 | Research | Hand Cart |
| 30:11 | Research | Town Patrol |
| 30:15 | Research | Bow Saw |
| 30:19 | Research | Heavy Plow |
| 30:24 | Research | Gold Shaft Mining |
| 30:25 | Research | Stone Shaft Mining |
| 30:30 | Create | Villager (Male) |
| 30:31 | Create | Villager (Male) |
| 30:31 | Create | Villager (Male) |
| 30:46 | Build | Monastery |
| 31:10 | Build | Mining Camp |
| 31:28 | Create | Villager (Male) |
| 31:28 | Create | Villager (Male) |
| 31:29 | Create | Villager (Male) |
| 32:00 | Create | Monk |
| 32:01 | Create | Monk |
| 32:02 | Research | Sanctity |
| 32:02 | Research | Devotion |
| 32:03 | Research | Redemption |
| 32:04 | Research | Atonement |
| 32:05 | Research | Fervor |
| 32:06 | Research | Herbal Medicine |
| 32:51 | Research | Caravan |
| 32:52 | Research | Coinage |
| 32:53 | Create | Trade Cart |
| 32:53 | Create | Trade Cart |
| 32:54 | Create | Trade Cart |
| 32:54 | Create | Trade Cart |
| 32:54 | Create | Trade Cart |
| 32:55 | Create | Trade Cart |
| 33:15 | Build | University |
| 33:19 | Build | House |
| 33:24 | Build | House |
| 34:06 | Build | Town Center |
| 34:57 | Build | Siege Workshop |
| 35:47 | Build | House |
| 35:51 | Build | House |
| 36:14 | Create | Villager (Male) |
Build order — Colin
First 150 of 350 actions detected
| 0:10 | Build | House |
| 0:13 | Build | House |
| 0:14 | Build | House |
| 0:15 | Build | House |
| 0:25 | Create | Villager (Male) |
| 0:25 | Create | Villager (Male) |
| 0:26 | Create | Villager (Male) |
| 0:26 | Create | Villager (Male) |
| 0:27 | Research | Loom |
| 2:39 | Create | Villager (Male) |
| 2:39 | Create | Villager (Male) |
| 2:59 | Build | Palisade Wall |
| 3:39 | Create | Villager (Male) |
| 3:40 | Create | Villager (Male) |
| 3:40 | Create | Villager (Male) |
| 3:40 | Create | Villager (Male) |
| 3:40 | Create | Villager (Male) |
| 4:13 | Build | House |
| 4:39 | Create | Villager (Male) |
| 4:39 | Create | Villager (Male) |
| 5:24 | Build | Lumber Camp |
| 6:15 | Build | House |
| 6:35 | Create | Villager (Male) |
| 6:35 | Create | Villager (Male) |
| 6:36 | Create | Villager (Male) |
| 6:53 | Build | House |
| 7:00 | Build | Palisade Wall |
| 7:17 | Build | Mill |
| 7:25 | Create | Villager (Male) |
| 7:25 | Create | Villager (Male) |
| 7:25 | Create | Villager (Male) |
| 7:51 | Build | Palisade Wall |
| 8:45 | Create | Villager (Male) |
| 8:45 | Create | Villager (Male) |
| 9:03 | Build | Outpost |
| 10:54 | Build | Mill |
| 11:18 | Research | Feudal Age |
| 11:29 | Build | Mining Camp |
| 13:28 | Age | Feudal Age |
| 14:22 | Research | Double-Bit Axe |
| 14:25 | Research | Horse Collar |
| 14:33 | Create | Villager (Male) |
| 14:34 | Create | Villager (Male) |
| 14:34 | Create | Villager (Male) |
| 14:34 | Create | Villager (Male) |
| 14:34 | Create | Villager (Male) |
| 14:35 | Create | Villager (Male) |
| 14:35 | Create | Villager (Male) |
| 14:39 | Research | Wheelbarrow |
| 14:52 | Build | Barracks |
| 15:41 | Build | Watch Tower |
| 15:54 | Build | Farm |
| 15:56 | Build | Farm |
| 15:57 | Build | Farm |
| 15:58 | Build | Farm |
| 16:00 | Build | Farm |
| 16:11 | Build | Farm |
| 16:12 | Build | Farm |
| 16:15 | Build | Farm |
| 16:17 | Build | Farm |
| 16:19 | Build | Farm |
| 16:29 | Research | Man-at-Arms (upgrade) |
| 16:31 | Create | Militia |
| 16:31 | Create | Militia |
| 16:31 | Create | Militia |
| 16:31 | Create | Militia |
| 16:32 | Create | Militia |
| 16:41 | Build | Mining Camp |
| 17:20 | Build | Lumber Camp |
| 17:27 | Create | Villager (Male) |
| 17:27 | Create | Villager (Male) |
| 17:41 | Build | House |
| 17:42 | Build | House |
| 17:43 | Build | House |
| 18:15 | Research | Stone Mining |
| 18:24 | Create | Villager (Male) |
| 18:24 | Create | Villager (Male) |
| 18:51 | Build | Stone Wall |
| 19:10 | Build | Outpost |
| 19:33 | Build | Blacksmith |
| 19:50 | Create | Villager (Male) |
| 19:50 | Create | Villager (Male) |
| 19:51 | Create | Villager (Male) |
| 20:21 | Build | Market |
| 20:29 | Build | House |
| 20:31 | Build | House |
| 20:32 | Build | House |
| 20:33 | Build | House |
| 20:34 | Build | House |
| 20:35 | Build | House |
| 20:49 | Build | Stone Wall |
| 21:09 | Create | Villager (Male) |
| 21:09 | Create | Villager (Male) |
| 21:09 | Create | Villager (Male) |
| 21:10 | Create | Villager (Male) |
| 21:22 | Build | Lumber Camp |
| 21:46 | Research | Gold Mining |
| 21:59 | Build | House |
| 22:00 | Build | House |
| 22:03 | Build | House |
| 22:12 | Research | Scale Mail Armor |
| 22:13 | Research | Forging |
| 22:20 | Create | Militia |
| 22:21 | Create | Militia |
| 22:21 | Create | Militia |
| 23:20 | Build | Building 490 |
| 23:22 | Build | Building 490 |
| 23:23 | Build | Building 490 |
| 23:35 | Build | Mining Camp |
| 23:56 | Build | Farm |
| 24:06 | Build | Farm |
| 24:23 | Build | Outpost |
| 24:51 | Build | Dock |
| 25:00 | Research | Castle Age |
| 25:17 | Build | Outpost |
| 25:51 | Build | Building 673 |
| 26:01 | Build | Building 673 |
| 26:11 | Build | Stone Wall |
| 26:23 | Build | Stone Wall |
| 26:30 | Build | Stone Wall |
| 27:04 | Build | Mining Camp |
| 27:15 | Create | Villager (Male) |
| 27:15 | Create | Villager (Male) |
| 27:15 | Create | Villager (Male) |
| 27:16 | Create | Villager (Male) |
| 27:16 | Create | Villager (Male) |
| 27:16 | Create | Villager (Male) |
| 27:25 | Build | Mining Camp |
| 27:40 | Age | Castle Age |
| 27:51 | Build | Town Center |
| 28:11 | Research | Bow Saw |
| 28:16 | Research | Heavy Plow |
| 28:44 | Research | Gold Shaft Mining |
| 28:49 | Research | Long Swordsman (upgrade) |
| 29:52 | Build | Barracks |
| 29:53 | Build | Barracks |
| 29:55 | Build | Barracks |
| 29:57 | Build | Barracks |
| 29:58 | Build | Barracks |
| 30:30 | Create | Villager (Male) |
| 30:31 | Create | Villager (Male) |
| 30:31 | Create | Villager (Male) |
| 30:31 | Create | Villager (Male) |
| 30:31 | Create | Villager (Male) |
| 30:32 | Create | Villager (Male) |
| 30:32 | Create | Villager (Male) |
| 30:32 | Create | Villager (Male) |
| 30:33 | Create | Villager (Male) |
| 30:43 | Research | Chain Mail Armor |
| 30:53 | Build | Monastery |
Build order — whatabluemonkey
First 150 of 278 actions detected
| 0:07 | Research | Loom |
| 0:07 | Create | Villager (Male) ×4 |
| 0:17 | Build | House |
| 0:18 | Build | House |
| 1:45 | Build | Palisade Gate |
| 1:57 | Build | Palisade Wall |
| 2:24 | Build | Palisade Wall |
| 3:09 | Create | Villager (Male) ×2 |
| 4:08 | Create | Villager (Male) |
| 4:40 | Create | Villager (Male) |
| 4:54 | Build | House |
| 4:57 | Create | Villager (Male) |
| 5:27 | Create | Villager (Male) |
| 5:29 | Create | Villager (Male) |
| 5:35 | Build | House |
| 6:14 | Create | Villager (Male) |
| 6:14 | Create | Villager (Male) |
| 7:00 | Create | Villager (Male) |
| 7:00 | Create | Villager (Male) |
| 7:42 | Create | Villager (Male) |
| 7:43 | Create | Villager (Male) |
| 7:45 | Create | Villager (Male) |
| 8:57 | Create | Villager (Male) |
| 9:36 | Build | Lumber Camp |
| 10:06 | Build | Mill |
| 12:09 | Research | Feudal Age |
| 13:25 | Build | Barracks |
| 14:19 | Age | Feudal Age |
| 14:37 | Build | Building 673 |
| 14:44 | Build | Stone Wall |
| 14:47 | Build | Stone Wall |
| 15:04 | Create | Villager (Male) |
| 15:05 | Create | Villager (Male) |
| 15:13 | Build | House |
| 15:14 | Build | House |
| 15:15 | Build | House |
| 15:16 | Build | House |
| 15:18 | Build | House |
| 15:36 | Build | Farm |
| 15:43 | Research | Double-Bit Axe |
| 16:05 | Build | Farm |
| 16:09 | Create | Villager (Male) |
| 16:10 | Create | Villager (Male) |
| 16:32 | Build | Mill |
| 16:41 | Build | Farm |
| 16:45 | Create | Villager (Male) |
| 17:23 | Build | Farm |
| 17:27 | Create | Villager (Male) |
| 17:27 | Create | Villager (Male) |
| 18:04 | Build | Building 487 |
| 18:25 | Build | Stone Wall |
| 18:51 | Build | Farm |
| 18:54 | Create | Villager (Male) |
| 18:54 | Create | Villager (Male) |
| 18:54 | Create | Villager (Male) |
| 19:01 | Build | House |
| 19:03 | Build | House |
| 20:05 | Build | Mining Camp |
| 20:12 | Build | Farm |
| 20:13 | Build | Farm |
| 20:16 | Create | Villager (Male) ×5 |
| 20:24 | Build | Farm |
| 21:02 | Research | Stone Mining |
| 21:03 | Research | Gold Mining |
| 21:38 | Build | Stable |
| 22:09 | Build | Mining Camp |
| 22:48 | Build | Farm |
| 22:49 | Build | Farm |
| 22:56 | Build | Farm |
| 23:02 | Create | Villager (Male) |
| 23:02 | Create | Villager (Male) |
| 23:11 | Build | Blacksmith |
| 23:25 | Build | Watch Tower |
| 24:18 | Create | Villager (Male) |
| 24:19 | Create | Villager (Male) |
| 25:06 | Research | Castle Age |
| 25:18 | Build | Stable |
| 25:53 | Research | Forging |
| 25:56 | Research | Scale Barding Armor |
| 26:29 | Build | Building 665 |
| 26:36 | Build | Stone Wall |
| 26:53 | Build | Stable |
| 27:15 | Create | Villager (Male) ×5 |
| 27:48 | Age | Castle Age |
| 27:55 | Research | Husbandry |
| 28:03 | Research | Chain Barding Armor |
| 28:04 | Research | Iron Casting |
| 28:18 | Build | Town Center |
| 28:27 | Research | Bow Saw |
| 28:42 | Create | Knight ×5 |
| 28:43 | Create | Knight |
| 29:10 | Create | Knight |
| 29:36 | Build | Farm |
| 29:37 | Build | Farm |
| 29:39 | Build | Farm |
| 29:41 | Build | Farm |
| 29:43 | Build | Farm |
| 29:47 | Create | Villager (Male) |
| 29:48 | Create | Villager (Male) |
| 29:48 | Create | Villager (Male) |
| 29:57 | Create | Knight ×2 |
| 30:06 | Create | Villager (Male) ×5 |
| 30:24 | Create | Knight |
| 30:50 | Create | Villager (Male) |
| 30:50 | Create | Villager (Male) |
| 31:11 | Build | Market |
| 31:26 | Build | Farm |
| 31:36 | Create | Knight ×2 |
| 31:51 | Build | House |
| 31:52 | Build | House |
| 31:54 | Build | House |
| 31:55 | Build | House |
| 31:56 | Build | House |
| 31:57 | Build | House |
| 31:58 | Build | House |
| 32:01 | Build | House |
| 32:02 | Build | House |
| 32:03 | Build | House |
| 32:05 | Build | House |
| 32:06 | Build | House |
| 32:19 | Build | Farm |
| 32:21 | Build | Farm |
| 32:29 | Create | Villager (Male) |
| 32:29 | Create | Villager (Male) |
| 32:53 | Create | Knight ×4 |
| 33:04 | Create | Villager (Male) |
| 33:04 | Create | Villager (Male) |
| 33:16 | Create | Knight |
| 33:32 | Create | Knight |
| 33:37 | Research | Gold Shaft Mining |
| 33:45 | Research | Wheelbarrow |
| 33:54 | Build | Farm |
| 34:00 | Build | Farm |
| 34:04 | Create | Villager (Male) |
| 34:04 | Create | Villager (Male) |
| 34:37 | Build | Farm |
| 34:41 | Create | Villager (Male) |
| 34:50 | Build | University |
| 35:02 | Build | Farm |
| 35:09 | Create | Knight ×5 |
| 35:21 | Create | Knight |
| 35:57 | Create | Knight ×2 |
| 35:57 | Create | Knight ×2 |
| 37:16 | Create | Knight ×5 |
| 37:16 | Create | Knight ×5 |
| 37:17 | Create | Knight |
| 38:13 | Create | Knight ×5 |
| 38:13 | Create | Knight ×5 |
| 39:36 | Research | Fortified Wall (upgrade) |
| 39:45 | Build | Monastery |
Build order — bala
First 150 of 547 actions detected
| 0:09 | Build | House |
| 0:12 | Build | House |
| 0:14 | Create | Villager (Male) |
| 0:14 | Create | Villager (Male) |
| 0:15 | Create | Villager (Male) |
| 0:15 | Create | Villager (Male) |
| 0:16 | Create | Villager (Male) |
| 1:52 | Create | Villager (Male) |
| 2:41 | Create | Villager (Male) |
| 2:42 | Create | Villager (Male) |
| 3:38 | Create | Villager (Male) |
| 3:39 | Create | Villager (Male) |
| 4:49 | Build | Mill |
| 4:57 | Create | Villager (Male) |
| 4:57 | Create | Villager (Male) |
| 5:26 | Build | House |
| 5:35 | Create | Villager (Male) |
| 6:38 | Create | Villager (Male) |
| 6:51 | Create | Villager (Male) |
| 7:30 | Create | Villager (Male) |
| 7:59 | Build | House |
| 8:03 | Create | Villager (Male) |
| 9:23 | Research | Feudal Age |
| 11:06 | Create | Villager (Male) |
| 11:06 | Create | Villager (Male) |
| 11:20 | Build | Lumber Camp |
| 11:29 | Build | House |
| 11:32 | Build | House |
| 11:33 | Age | Feudal Age |
| 11:37 | Create | Villager (Male) |
| 11:38 | Create | Villager (Male) |
| 11:38 | Create | Villager (Male) |
| 11:38 | Create | Villager (Male) |
| 12:45 | Build | Farm |
| 12:49 | Research | Horse Collar |
| 12:54 | Create | Villager (Male) |
| 12:54 | Create | Villager (Male) |
| 13:05 | Research | Double-Bit Axe |
| 13:21 | Build | Mining Camp |
| 13:28 | Build | House |
| 13:34 | Create | Villager (Male) |
| 13:35 | Create | Villager (Male) |
| 13:40 | Build | Farm |
| 13:50 | Build | Farm |
| 14:08 | Create | Villager (Male) |
| 14:37 | Build | Farm |
| 15:18 | Create | Villager (Male) |
| 15:50 | Build | Farm |
| 15:56 | Build | Farm |
| 15:59 | Build | Farm |
| 16:06 | Build | Farm |
| 16:13 | Research | Castle Age |
| 16:32 | Build | Farm |
| 16:36 | Build | Farm |
| 16:49 | Research | Gold Mining |
| 18:04 | Build | Stone Wall |
| 18:12 | Build | Building 665 |
| 18:45 | Build | Farm |
| 18:48 | Build | Farm |
| 19:10 | Build | Farm |
| 19:14 | Age | Castle Age |
| 19:15 | Create | Villager (Male) |
| 19:15 | Create | Villager (Male) |
| 19:15 | Create | Villager (Male) |
| 19:16 | Create | Villager (Male) |
| 19:17 | Create | Villager (Male) |
| 19:49 | Build | Farm |
| 20:14 | Build | Town Center |
| 20:24 | Build | Farm |
| 20:36 | Build | House |
| 20:37 | Build | House |
| 20:38 | Build | House |
| 20:40 | Build | House |
| 20:41 | Build | House |
| 21:06 | Build | Mining Camp |
| 21:18 | Create | Villager (Male) |
| 21:19 | Create | Villager (Male) |
| 21:19 | Create | Villager (Male) |
| 21:42 | Build | Monastery |
| 22:06 | Build | Blacksmith |
| 22:23 | Build | Market |
| 22:42 | Build | University |
| 22:51 | Create | Monk |
| 22:57 | Create | Villager (Male) |
| 22:58 | Create | Villager (Male) |
| 23:00 | Create | Villager (Male) |
| 23:01 | Create | Villager (Male) |
| 23:01 | Create | Villager (Male) |
| 23:01 | Create | Villager (Male) |
| 23:01 | Create | Villager (Male) |
| 23:02 | Create | Villager (Male) |
| 23:28 | Build | Town Center |
| 23:38 | Create | Villager (Male) |
| 23:38 | Create | Villager (Male) |
| 23:39 | Create | Villager (Male) |
| 23:39 | Create | Villager (Male) |
| 23:40 | Create | Villager (Male) |
| 23:44 | Research | Stone Mining |
| 23:47 | Research | Heavy Plow |
| 23:50 | Research | Bow Saw |
| 24:12 | Create | Monk |
| 24:18 | Create | Villager (Male) |
| 24:21 | Research | Wheelbarrow |
| 24:22 | Research | Loom |
| 24:23 | Research | Town Watch |
| 24:31 | Build | House |
| 24:33 | Build | House |
| 24:35 | Build | House |
| 24:37 | Build | House |
| 24:38 | Build | House |
| 24:43 | Build | House |
| 25:01 | Create | Villager (Male) |
| 25:16 | Research | Scale Barding Armor |
| 25:17 | Research | Forging |
| 25:36 | Create | Trade Cart |
| 25:37 | Create | Trade Cart |
| 25:37 | Create | Trade Cart |
| 25:38 | Create | Trade Cart |
| 25:39 | Create | Trade Cart |
| 25:51 | Create | Villager (Male) |
| 25:52 | Create | Villager (Male) |
| 25:57 | Create | Villager (Male) |
| 25:57 | Create | Villager (Male) |
| 25:58 | Create | Villager (Male) |
| 25:58 | Create | Villager (Male) |
| 25:59 | Create | Villager (Male) |
| 26:39 | Create | Monk |
| 27:16 | Create | Villager (Male) |
| 27:16 | Create | Villager (Male) |
| 27:16 | Create | Villager (Male) |
| 27:16 | Create | Villager (Male) |
| 27:17 | Create | Villager (Male) |
| 27:17 | Create | Villager (Male) |
| 27:18 | Create | Villager (Male) |
| 27:18 | Create | Villager (Male) |
| 27:18 | Create | Villager (Male) |
| 28:16 | Build | Stable |
| 28:21 | Build | Stable |
| 28:34 | Build | Stable |
| 28:50 | Build | Siege Workshop |
| 28:56 | Build | Siege Workshop |
| 29:01 | Build | Siege Workshop |
| 29:07 | Build | Siege Workshop |
| 31:06 | Research | Imperial Age |
| 31:09 | Create | Villager (Male) |
| 31:10 | Create | Villager (Male) |
| 31:11 | Create | Villager (Male) |
| 31:11 | Create | Villager (Male) |
| 31:12 | Create | Villager (Male) |
| 31:13 | Create | Villager (Male) |
Build order — Andresfab
First 150 of 502 actions detected
| 0:33 | Research | Loom |
| 0:44 | Build | Palisade Wall |
| 0:54 | Build | Palisade Wall |
| 1:37 | Build | Palisade Wall |
| 3:15 | Build | Palisade Wall |
| 3:32 | Create | Villager (Male) |
| 4:18 | Build | Palisade Wall |
| 4:47 | Create | Villager (Male) |
| 5:12 | Create | Villager (Male) |
| 5:48 | Create | Villager (Male) |
| 6:15 | Create | Villager (Male) |
| 6:34 | Build | Mill |
| 6:57 | Build | Palisade Wall |
| 7:05 | Create | Villager (Male) |
| 7:06 | Create | Villager (Male) |
| 7:35 | Build | House |
| 7:42 | Create | Villager (Male) |
| 7:56 | Build | Palisade Wall |
| 8:03 | Create | Villager (Male) |
| 8:08 | Build | House |
| 8:21 | Create | Villager (Male) |
| 8:40 | Create | Villager (Male) |
| 9:09 | Create | Villager (Male) |
| 9:45 | Create | Villager (Male) |
| 9:45 | Create | Villager (Male) |
| 10:08 | Build | Lumber Camp |
| 10:25 | Create | Villager (Male) |
| 10:53 | Create | Villager (Male) |
| 11:35 | Create | Villager (Male) |
| 12:07 | Create | Villager (Male) |
| 12:17 | Build | Mining Camp |
| 12:49 | Build | House |
| 12:58 | Research | Feudal Age |
| 13:10 | Create | Villager (Male) |
| 13:21 | Build | House |
| 13:41 | Build | House |
| 13:42 | Build | House |
| 13:44 | Build | House |
| 14:43 | Build | Lumber Camp |
| 15:14 | Research | Wheelbarrow |
| 15:14 | Research | Town Watch |
| 15:22 | Research | Double-Bit Axe |
| 15:26 | Research | Horse Collar |
| 15:39 | Build | Stone Wall |
| 16:03 | Build | Stone Wall |
| 16:12 | Create | Villager (Male) |
| 16:12 | Create | Villager (Male) |
| 16:37 | Build | Mill |
| 17:06 | Build | Market |
| 17:25 | Create | Villager (Male) |
| 17:25 | Create | Villager (Male) |
| 17:55 | Build | Stone Wall |
| 18:45 | Build | Farm |
| 18:47 | Create | Villager (Male) |
| 18:47 | Create | Villager (Male) |
| 18:55 | Build | Mining Camp |
| 19:01 | Build | Farm |
| 19:03 | Build | Farm |
| 19:05 | Build | Farm |
| 19:06 | Build | Farm |
| 19:10 | Build | Farm |
| 19:11 | Build | Farm |
| 19:23 | Build | Farm |
| 19:38 | Build | Watch Tower |
| 20:03 | Build | Lumber Camp |
| 20:05 | Create | Villager (Male) |
| 20:06 | Create | Villager (Male) |
| 20:06 | Create | Villager (Male) |
| 20:06 | Create | Villager (Male) |
| 20:07 | Create | Villager (Male) |
| 20:07 | Create | Villager (Male) |
| 20:08 | Create | Villager (Male) |
| 20:38 | Research | Stone Mining |
| 20:42 | Research | Gold Mining |
| 21:15 | Build | Building 487 |
| 21:37 | Create | Villager (Male) |
| 21:55 | Build | Blacksmith |
| 22:01 | Build | Barracks |
| 22:32 | Build | Watch Tower |
| 22:44 | Build | House |
| 22:45 | Build | House |
| 23:11 | Build | Mining Camp |
| 23:19 | Create | Villager (Male) |
| 23:38 | Build | Archery Range |
| 23:49 | Create | Villager (Male) |
| 24:27 | Build | Stone Wall |
| 24:33 | Build | Stone Wall |
| 24:53 | Build | Stone Wall |
| 25:03 | Research | Castle Age |
| 25:05 | Create | Villager (Male) |
| 25:06 | Create | Villager (Male) |
| 25:06 | Create | Villager (Male) |
| 25:14 | Build | Building 673 |
| 25:22 | Create | Villager (Male) |
| 25:22 | Create | Villager (Male) |
| 25:23 | Create | Villager (Male) |
| 25:36 | Build | Farm |
| 25:37 | Build | Farm |
| 25:39 | Build | Farm |
| 25:42 | Build | Farm |
| 25:44 | Build | Farm |
| 26:26 | Build | Building 487 |
| 27:07 | Create | Villager (Male) |
| 27:32 | Build | Mining Camp |
| 27:56 | Research | Hand Cart |
| 27:57 | Research | Town Patrol |
| 28:03 | Research | Heavy Plow |
| 28:17 | Build | Town Center |
| 28:36 | Build | Town Center |
| 28:41 | Research | Bow Saw |
| 28:44 | Create | Villager (Male) |
| 29:16 | Research | Caravan |
| 29:38 | Create | Trade Cart |
| 29:39 | Create | Trade Cart |
| 29:41 | Create | Trade Cart |
| 29:42 | Create | Trade Cart |
| 29:58 | Build | Castle |
| 30:11 | Create | Villager (Male) |
| 30:12 | Create | Villager (Male) |
| 30:12 | Create | Villager (Male) |
| 30:13 | Create | Villager (Male) |
| 30:13 | Create | Villager (Male) |
| 30:13 | Create | Villager (Male) |
| 30:19 | Create | Villager (Male) |
| 30:48 | Research | Stone Shaft Mining |
| 31:09 | Build | House |
| 31:10 | Build | House |
| 31:12 | Build | House |
| 31:13 | Build | House |
| 31:15 | Build | House |
| 31:17 | Build | House |
| 31:21 | Build | House |
| 31:25 | Research | Gold Shaft Mining |
| 32:01 | Create | Villager (Male) |
| 32:01 | Create | Villager (Male) |
| 32:07 | Create | Villager (Male) |
| 32:08 | Create | Villager (Male) |
| 32:21 | Build | Watch Tower |
| 32:54 | Build | Monastery |
| 33:02 | Build | Mining Camp |
| 33:11 | Research | Great Wall |
| 33:28 | Create | Villager (Male) |
| 33:29 | Create | Villager (Male) |
| 33:31 | Create | Villager (Male) |
| 33:31 | Create | Villager (Male) |
| 33:32 | Create | Villager (Male) |
| 33:32 | Create | Villager (Male) |
| 33:32 | Create | Villager (Male) |
| 33:32 | Create | Villager (Male) |
| 33:39 | Build | Farm |
Build order — DestrosXzw
First 150 of 294 actions detected
| 0:15 | Create | Villager (Male) |
| 0:28 | Research | Loom |
| 0:46 | Build | House |
| 1:26 | Create | Villager (Male) ×4 |
| 3:38 | Create | Villager (Male) ×3 |
| 4:04 | Build | House |
| 4:42 | Create | Villager (Male) |
| 4:42 | Create | Villager (Male) |
| 4:43 | Create | Villager (Male) |
| 5:26 | Build | Dock |
| 5:59 | Build | House |
| 6:01 | Build | House |
| 6:13 | Build | Dock |
| 6:43 | Create | Villager (Male) |
| 6:43 | Create | Villager (Male) |
| 6:43 | Create | Villager (Male) |
| 6:44 | Create | Villager (Male) |
| 6:44 | Create | Villager (Male) |
| 6:44 | Create | Villager (Male) |
| 7:29 | Build | Lumber Camp |
| 8:41 | Build | Mill |
| 8:44 | Create | Villager (Male) |
| 8:45 | Create | Villager (Male) |
| 8:45 | Create | Villager (Male) |
| 9:24 | Create | Transport Ship |
| 10:51 | Build | Barracks |
| 11:04 | Create | Villager (Male) |
| 11:05 | Create | Villager (Male) |
| 11:06 | Create | Villager (Male) |
| 11:06 | Create | Villager (Male) |
| 11:07 | Create | Villager (Male) |
| 11:07 | Create | Villager (Male) |
| 13:22 | Build | House |
| 13:23 | Build | House |
| 14:04 | Research | Feudal Age |
| 14:16 | Build | Mining Camp |
| 14:18 | Create | Militia ×2 |
| 14:48 | Build | Farm |
| 14:50 | Build | Farm |
| 14:51 | Build | Farm |
| 14:53 | Build | Farm |
| 14:55 | Build | Farm |
| 15:00 | Build | Farm |
| 15:41 | Create | Militia |
| 16:14 | Age | Feudal Age |
| 16:28 | Build | Watch Tower |
| 16:54 | Research | Wheelbarrow |
| 16:59 | Create | Fire Galley |
| 17:06 | Research | Man-at-Arms (upgrade) |
| 17:44 | Build | Mining Camp |
| 17:53 | Research | Arson |
| 17:59 | Build | Blacksmith |
| 18:45 | Research | Horse Collar |
| 18:49 | Create | Villager (Male) ×4 |
| 19:18 | Build | Lumber Camp |
| 19:44 | Build | House |
| 19:47 | Build | House |
| 19:48 | Build | House |
| 20:42 | Build | Stone Wall |
| 21:47 | Create | Villager (Male) ×5 |
| 21:55 | Create | Villager (Male) ×3 |
| 22:46 | Build | Building 487 |
| 23:02 | Build | Market |
| 23:56 | Build | House |
| 23:57 | Build | House |
| 23:59 | Build | House |
| 24:00 | Build | House |
| 24:01 | Build | House |
| 25:23 | Build | Mill |
| 26:16 | Create | Villager (Male) |
| 26:17 | Create | Villager (Male) |
| 26:18 | Create | Villager (Male) |
| 26:19 | Create | Villager (Male) |
| 27:39 | Research | Double-Bit Axe |
| 28:36 | Create | Trade Cart |
| 28:37 | Create | Trade Cart |
| 28:38 | Create | Trade Cart |
| 28:53 | Research | Castle Age |
| 29:24 | Build | House |
| 29:29 | Build | House |
| 29:31 | Build | House |
| 29:32 | Build | House |
| 30:42 | Create | Trade Cart |
| 31:33 | Age | Castle Age |
| 31:40 | Build | Town Center |
| 31:54 | Build | Town Center |
| 32:15 | Build | Lumber Camp |
| 32:37 | Build | Town Center |
| 33:02 | Build | Farm |
| 33:04 | Build | Farm |
| 33:06 | Build | Farm |
| 33:11 | Build | Farm |
| 33:12 | Build | Farm |
| 33:14 | Build | Farm |
| 33:15 | Build | Farm |
| 33:16 | Build | Farm |
| 33:18 | Build | Farm |
| 33:26 | Research | Hand Cart |
| 33:48 | Create | Villager (Male) ×5 |
| 34:02 | Create | Villager (Male) |
| 34:03 | Create | Villager (Male) |
| 34:03 | Create | Villager (Male) |
| 34:04 | Create | Villager (Male) |
| 34:05 | Create | Villager (Male) |
| 34:18 | Research | Bow Saw |
| 34:33 | Build | Farm |
| 34:35 | Build | Farm |
| 35:43 | Create | Villager (Male) ×5 |
| 35:44 | Create | Villager (Male) ×5 |
| 35:45 | Create | Villager (Male) ×5 |
| 36:45 | Build | Farm |
| 37:00 | Build | Farm |
| 37:07 | Build | Farm |
| 38:31 | Build | Barracks |
| 38:32 | Build | Barracks |
| 38:34 | Build | Barracks |
| 38:38 | Build | Barracks |
| 38:47 | Build | Barracks |
| 38:49 | Build | Barracks |
| 38:59 | Create | Villager (Male) ×5 |
| 39:42 | Build | University |
| 39:45 | Create | Trade Cart |
| 39:46 | Research | Caravan |
| 39:54 | Research | Forging |
| 39:56 | Research | Scale Barding Armor |
| 40:25 | Build | Monastery |
| 40:35 | Build | House |
| 40:40 | Build | House |
| 40:52 | Research | Iron Casting |
| 40:55 | Research | Ballistics |
| 41:18 | Research | Imperial Age |
| 41:21 | Research | Fortified Wall (upgrade) |
| 41:36 | Build | Mining Camp |
| 41:42 | Create | Villager (Male) ×5 |
| 42:28 | Build | Siege Workshop |
| 42:37 | Build | Siege Workshop |
| 43:11 | Build | Stone Wall |
| 43:17 | Build | Building 487 |
| 43:26 | Create | Battering Ram |
| 43:30 | Create | Battering Ram |
| 43:32 | Create | Battering Ram |
| 43:37 | Create | Battering Ram |
| 43:39 | Create | Iron Pagoda |
| 43:40 | Create | Iron Pagoda |
| 43:44 | Create | Villager (Male) ×5 |
| 43:50 | Create | Villager (Male) ×5 |
| 43:55 | Build | Lumber Camp |
| 44:04 | Build | Lumber Camp |
| 44:06 | Create | Villager (Male) ×5 |
| 44:13 | Create | Villager (Male) ×5 |
Match timeline
| 0:44 | Andresfab · wall_segment Palisade Wall x11 |
| 0:54 | Andresfab · wall_segment Palisade Wall x9 |
| 1:37 | Andresfab · wall_segment Palisade Wall x15 |
| 1:57 | whatabluemonkey · wall_segment Palisade Wall x1 |
| 2:24 | whatabluemonkey · wall_segment Palisade Wall x4 |
| 2:59 | Colin · wall_segment Palisade Wall x11 |
| 3:15 | Andresfab · wall_segment Palisade Wall x8 |
| 4:18 | Andresfab · wall_segment Palisade Wall x11 |
| 4:48 | dewey manning · wall_segment Palisade Wall x11 |
| 5:26 | DestrosXzw · first_building Dock |
| 6:18 | dewey manning · wall_segment Palisade Wall x7 |
| 6:57 | Andresfab · wall_segment Palisade Wall x13 |
| 7:00 | Colin · wall_segment Palisade Wall x1 |
| 7:51 | Colin · wall_segment Palisade Wall x1 |
| 7:56 | Andresfab · wall_segment Palisade Wall x2 |
| 9:40 | dewey manning · first_building Barracks |
| 10:04 | drojaspicon · first_building Barracks |
| 10:32 | dewey manning · age_up feudal |
| 10:51 | DestrosXzw · first_building Barracks |
| 11:33 | bala · age_up feudal |
| 12:43 | dewey manning · first_building Archery Range |
| 13:25 | whatabluemonkey · first_building Barracks |
| 13:28 | Colin · age_up feudal |
| 13:48 | Patheris · age_up feudal |
| 14:19 | whatabluemonkey · age_up feudal |
| 14:44 | whatabluemonkey · wall_segment Stone Wall x6 |
| 14:47 | whatabluemonkey · wall_segment Stone Wall x3 |
| 14:52 | Colin · first_building Barracks |
| 15:28 | drojaspicon · age_up feudal |
| 15:39 | Andresfab · wall_segment Stone Wall x10 |
| 16:03 | Andresfab · wall_segment Stone Wall x14 |
| 16:14 | DestrosXzw · age_up feudal |
| 17:30 | Patheris · age_up castle |
| 17:55 | Andresfab · wall_segment Stone Wall x13 |
| 18:04 | bala · wall_segment Stone Wall x7 |
| 18:25 | whatabluemonkey · wall_segment Stone Wall x6 |
| 18:51 | Colin · wall_segment Stone Wall x13 |
| 19:14 | bala · age_up castle |
| 20:42 | DestrosXzw · wall_segment Stone Wall x23 |
| 20:49 | Colin · wall_segment Stone Wall x11 |
| 21:38 | whatabluemonkey · first_building Stable |
| 21:42 | bala · first_building Monastery |
| 22:01 | Patheris · first_building Monastery |
| 22:01 | Andresfab · first_building Barracks |
| 22:16 | dewey manning · age_up castle |
| 22:36 | dewey manning · first_building Monastery |
| 23:38 | Andresfab · first_building Archery Range |
| 24:08 | dewey manning · first_building Castle |
| 24:27 | Andresfab · wall_segment Stone Wall x3 |
| 24:28 | drojaspicon · first_building Stable |
| 24:33 | Andresfab · wall_segment Stone Wall x10 |
| 24:51 | Colin · first_building Dock |
| 24:53 | Andresfab · wall_segment Stone Wall x11 |
| 26:11 | Colin · wall_segment Stone Wall x4 |
| 26:23 | Colin · wall_segment Stone Wall x4 |
| 26:30 | Colin · wall_segment Stone Wall x12 |
| 26:36 | whatabluemonkey · wall_segment Stone Wall x1 |
| 27:36 | Patheris · first_building Castle |
| 27:40 | Colin · age_up castle |
| 27:48 | whatabluemonkey · age_up castle |
| 28:16 | bala · first_building Stable |
| 28:19 | dewey manning · first_building Siege Workshop |
| 28:50 | bala · first_building Siege Workshop |
| 29:10 | drojaspicon · age_up castle |
| 29:25 | drojaspicon · first_building Castle |
| 29:39 | Patheris · first_building Siege Workshop |
| 29:42 | drojaspicon · first_market_buy 100 stone |
| 29:58 | Andresfab · first_building Castle |
| 30:46 | drojaspicon · first_building Monastery |
| 30:53 | Colin · first_building Monastery |
| 31:32 | Patheris · age_up imperial |
| 31:33 | DestrosXzw · age_up castle |
| 32:33 | dewey manning · first_market_buy 100 food |
| 32:54 | Andresfab · first_building Monastery |
| 34:16 | bala · age_up imperial |
| 34:57 | drojaspicon · first_building Siege Workshop |
| 35:29 | Colin · wall_segment Stone Wall x1 |
| 35:52 | Patheris · first_building Barracks |
| 35:55 | dewey manning · age_up imperial |
| 36:15 | bala · first_building Castle |
| 36:18 | Colin · first_building Castle |
| 36:38 | Colin · first_building Siege Workshop |
| 38:18 | dewey manning · first_building Stable |
| 38:30 | Andresfab · first_building Siege Workshop |
| 38:36 | bala · first_building Barracks |
| 39:25 | Colin · age_up imperial |
| 39:45 | whatabluemonkey · first_building Monastery |
| 39:57 | dewey manning · first_market_sell 500 wood |
| 40:25 | DestrosXzw · first_building Monastery |
| 41:14 | DestrosXzw · first_market_sell 100 food |
| 42:19 | Colin · wall_segment Stone Wall x13 |
| 42:28 | DestrosXzw · first_building Siege Workshop |
| 43:11 | DestrosXzw · wall_segment Stone Wall x12 |
| 44:28 | DestrosXzw · age_up imperial |
| 44:48 | DestrosXzw · first_building Castle |
| 45:17 | DestrosXzw · first_building Stable |
| 46:34 | Andresfab · first_market_sell 100 wood |
| 47:43 | whatabluemonkey · age_up imperial |
| 48:44 | drojaspicon · age_up imperial |
| 49:36 | whatabluemonkey · first_building Castle |
| 49:36 | DestrosXzw · wall_segment Stone Wall x10 |
| 57:10 | whatabluemonkey · wall_segment Stone Wall x5 |
| 57:13 | whatabluemonkey · wall_segment Stone Wall x7 |
| 57:16 | whatabluemonkey · wall_segment Stone Wall x6 |
| 58:06 | dewey manning · resign |
| 64:02 | DestrosXzw · wall_segment Stone Wall x7 |
| 65:19 | DestrosXzw · wall_segment Stone Wall x3 |
| 69:13 | DestrosXzw · wall_segment Stone Wall x5 |
| 69:26 | DestrosXzw · wall_segment Stone Wall x18 |
| 70:26 | DestrosXzw · wall_segment Stone Wall x1 |
[ AI ANALYSIS · 1 CREDIT ]
What really happened in this match?
Wolo.gg analyzes every decision: build order, eco, micro, common mistakes by bracket. Personalized analysis on WhatsApp or Discord in 30 seconds.
Civ guide
Bohemians
Map guide
Black Forest
Perfil
Patheris